[ AOE2 MATCH · #474630703 ]
UnrankedCelts vs Ethiopians
[ REPLAY ANALYSIS · EXTRACTED FROM THE RECORDED GAME ]
Feudal
—
Castle
—
Imperial
—
| APM avg | 1.6 |
| APM peak | 9 |
| eAPM avg | 1.1 |
| Villagers / military | 4 / 0 |
Focus
⚔️ 0.0% · 🌾 100.0%
Feudal
—
Castle
—
Imperial
—
| APM avg | 1.6 |
| APM peak | 9 |
| eAPM avg | 1.6 |
| Villagers / military | 0 / 0 |
Feudal
—
Castle
—
Imperial
—
| APM avg | 29.6 |
| APM peak | 37 |
| eAPM avg | 16.5 |
| Villagers / military | 32 / 0 |
Focus
⚔️ 37.1% · 🌾 62.9%
Feudal
—
Castle
—
Imperial
—
| APM avg | 4.5 |
| APM peak | 25 |
| eAPM avg | 2.5 |
| Villagers / military | 5 / 0 |
Focus
⚔️ 0.0% · 🌾 100.0%
Feudal
—
Castle
—
Imperial
—
| APM avg | 53.9 |
| APM peak | 93 |
| eAPM avg | 13.8 |
| Villagers / military | 13 / 0 |
Focus
⚔️ 20.3% · 🌾 79.7%
Feudal
—
Castle
—
Imperial
—
| APM avg | 2.5 |
| APM peak | 14 |
| eAPM avg | 2.5 |
| Villagers / military | 3 / 0 |
Focus
⚔️ 0.0% · 🌾 100.0%
Feudal
—
Castle
—
Imperial
—
| APM avg | 24.8 |
| APM peak | 36 |
| eAPM avg | 14.6 |
| Villagers / military | 23 / 0 |
Focus
⚔️ 21.7% · 🌾 78.3%
Feudal
—
Castle
—
Imperial
—
| APM avg | 11.0 |
| APM peak | 29 |
| eAPM avg | 5.6 |
| Villagers / military | 4 / 0 |
Focus
⚔️ 15.0% · 🌾 85.0%
Match map
Initial resources + every placement click. Lines = walls · curves = elevation contours. ◆ gold · ⬟ stone · ● berries · ✦ relic · ◌ wall gap
Your base
Unknown's base
Baratinha's base
lalo_caesta's base
Thanatos's base
Wiggle-Wiggle's base
Nemo's base
sdk's base
Smoothed initial terrain · ◌ = detected wall gap · hover for details
Inputs per minute
— yell0w - - Unknown
Build order — yell0w
3 actions detected in the replay
| 0:01 | Create | Villager (Male) ×4 |
| 0:04 | Build | House |
| 0:06 | Build | House |
Build order — Unknown
0 actions detected in the replay
Build order — Baratinha
33 actions detected in the replay
| 0:01 | Create | Villager (Male) |
| 0:03 | Create | Villager (Male) |
| 0:03 | Create | Villager (Male) |
| 0:03 | Create | Villager (Male) |
| 0:03 | Create | Villager (Male) |
| 1:28 | Create | Villager (Male) |
| 1:29 | Create | Villager (Male) |
| 1:29 | Create | Villager (Male) |
| 2:04 | Create | Villager (Male) |
| 2:04 | Create | Villager (Male) |
| 2:05 | Create | Villager (Male) |
| 2:28 | Create | Villager (Male) |
| 2:29 | Create | Villager (Male) |
| 2:29 | Create | Villager (Male) |
| 2:44 | Create | Villager (Male) |
| 2:44 | Create | Villager (Male) |
| 2:44 | Create | Villager (Male) |
| 3:08 | Create | Villager (Male) |
| 3:08 | Create | Villager (Male) |
| 3:31 | Build | Lumber Camp |
| 3:43 | Create | Villager (Male) |
| 3:43 | Create | Villager (Male) |
| 4:02 | Create | Villager (Male) |
| 4:02 | Create | Villager (Male) |
| 4:02 | Create | Villager (Male) |
| 4:24 | Create | Villager (Male) |
| 4:24 | Create | Villager (Male) |
| 4:51 | Create | Villager (Male) |
| 4:52 | Create | Villager (Male) |
| 4:52 | Create | Villager (Male) |
| 5:14 | Create | Villager (Male) |
| 5:15 | Create | Villager (Male) |
| 5:15 | Create | Villager (Male) |
Build order — lalo_caesta
7 actions detected in the replay
| 0:02 | Create | Villager (Male) |
| 0:02 | Create | Villager (Male) |
| 0:03 | Create | Villager (Male) |
| 0:03 | Create | Villager (Male) |
| 0:03 | Create | Villager (Male) |
| 0:08 | Build | House |
| 0:10 | Build | House |
Build order — Thanatos
19 actions detected in the replay
| 0:01 | Create | Villager (Male) |
| 0:01 | Create | Villager (Male) |
| 0:04 | Build | House |
| 0:06 | Build | House |
| 0:16 | Create | Villager (Male) |
| 0:16 | Create | Villager (Male) |
| 0:16 | Create | Villager (Male) |
| 1:30 | Create | Villager (Male) |
| 2:12 | Create | Villager (Male) |
| 2:12 | Create | Villager (Male) |
| 2:14 | Build | Lumber Camp |
| 2:27 | Create | Villager (Male) |
| 3:18 | Create | Villager (Male) |
| 3:42 | Create | Villager (Male) |
| 3:57 | Build | Outpost |
| 4:01 | Build | House |
| 4:03 | Create | Villager (Male) |
| 4:04 | Create | Villager (Male) |
| 4:24 | Research | Loom |
Build order — Wiggle-Wiggle
5 actions detected in the replay
| 0:02 | Create | Villager (Male) |
| 0:02 | Create | Villager (Male) |
| 0:02 | Create | Villager (Male) |
| 0:04 | Build | House |
| 0:07 | Build | House |
Build order — Nemo
26 actions detected in the replay
| 0:02 | Create | Villager (Male) ×5 |
| 0:03 | Build | House |
| 0:07 | Build | House |
| 1:43 | Create | Villager (Male) |
| 1:43 | Create | Villager (Male) |
| 2:02 | Create | Villager (Male) |
| 2:02 | Create | Villager (Male) |
| 2:41 | Create | Villager (Male) |
| 2:42 | Create | Villager (Male) |
| 2:42 | Create | Villager (Male) |
| 2:49 | Create | Villager (Male) |
| 2:49 | Create | Villager (Male) |
| 4:13 | Create | Villager (Male) |
| 4:14 | Create | Villager (Male) |
| 4:19 | Build | Lumber Camp |
| 4:33 | Build | House |
| 4:36 | Create | Villager (Male) |
| 4:37 | Create | Villager (Male) |
| 4:37 | Create | Villager (Male) |
| 5:01 | Create | Villager (Male) |
| 5:01 | Create | Villager (Male) |
| 5:09 | Create | Villager (Male) |
| 5:09 | Create | Villager (Male) |
| 5:19 | Build | House |
| 5:20 | Build | House |
| 5:20 | Build | House |
Build order — sdk
9 actions detected in the replay
| 0:02 | Create | Villager (Male) |
| 0:03 | Research | Loom |
| 0:03 | Create | Villager (Male) |
| 0:04 | Create | Villager (Male) |
| 0:06 | Build | House |
| 0:16 | Create | Villager (Male) |
| 3:02 | Build | Palisade Wall |
| 5:00 | Build | Palisade Wall |
| 5:05 | Build | Palisade Wall |
Match timeline
| 0:01 | Unknown · resign |
| 3:02 | sdk · wall_segment Palisade Wall x1 |
| 5:00 | sdk · wall_segment Palisade Wall x1 |
| 5:05 | sdk · wall_segment Palisade Wall x1 |
[ AI ANALYSIS · 1 CREDIT ]
What really happened in this match?
Wolo.gg analyzes every decision: build order, eco, micro, common mistakes by bracket. Personalized analysis on WhatsApp or Discord in 30 seconds.
Civ guide
Celts
Perfil
Jugador #224580